 Dungeon Sprint DCSS version 0.31.0-32-g396128a36d (webtiles) character file.

Game seed: 14584675472886946738

24528 Heoruswealwe the Minotaur Porcupine (level 12, -47/134 HPs)
             Began as a Minotaur Fighter on Mar 13, 2024.
             Was an Initiate of Gozag.
             Annihilated by an alligator snapping turtle (95 damage)
             ... in the Dungeon (Sprint IX: "|||||||||||||||||||||||||||||").
             The game lasted 00:33:09 (4507 turns).

Heoruswealwe the Minotaur Porcupine (MiFi)          Turns: 4507, Time: 00:33:10

Health: -47/134    AC: 31    Str: 31    XL:     12   Next: 81%
Magic:  11/11      EV:  2    Int:  5    God:    Gozag
Gold:   639        SH:  0    Dex: 11    Spells: 11/11 levels left

rFire   + . .        b - +1 glaive (venom)
rCold   . . .        (shield currently unavailable)
rNeg    . . .        c - +3 plate armour {rF+}
rPois   .            (helmet restricted)
rElec   .            h - +1 cloak of Starlight {*Dazzle EV+4 Stlth--}
rCorr   .            f - +1 pair of gloves
SInv    .            e - +1 pair of boots
Will    .....        (no amulet) Stlth
                     k - +3 ring of strength
HPRegen 0.42/turn    j - +3 ring of strength
MPRegen 0.12/turn

%: no teleportation
@: sleeping, afraid, gold aura, mesmerised
A: horns 2, retaliatory headbutt
a: Renounce Religion, Potion Petition, Call Merchant, Bribe Branch


You were in the Dungeon.
You worshipped Gozag.
Gozag was pleased with you.
You visited 1 branch You collected 10460 gold pieces.
You spent 5186 gold pieces at shops.
You paid 4635 gold pieces to Gozag.

Inventory:

Hand Weapons
 a - the +1 trident "Widowermaker" {flame, Dex+3}
   (You bought it in a shop in the Dungeon)

   Dex+3:     It affects your dexterity (+3).
 b - a +1 glaive of venom (weapon)
Armour
 c - a +3 plate armour of fire resistance (worn)
 d - a +0 buckler
 e - a +1 pair of boots (worn)
 f - a +1 pair of gloves (worn)
 h - the +1 cloak of Starlight (worn) {*Dazzle EV+4 Stlth--}
   (You found it in the Dungeon)

   *Dazzle:   It may blind those who miss an attack against the wearer in melee
   combat.
   EV+4:      It affects your evasion (+4).
   Stlth--:   It makes you much less stealthy.
 A - the +3 salamander hide armour {Flames, rFlCloud rF++ rC--}
   (You bought it in a shop in the Dungeon)

   Flames:    It surrounds you with flame clouds and enhances your fire magic.
   rFlCloud:  It grants immunity to flame clouds.
   rF++:      It greatly protects you from fire.
   rC--:      It makes you very vulnerable to cold.
Jewellery
 j - a +3 ring of strength (right hand)
 k - a +3 ring of strength (left hand)
Wands
 l - a wand of light (10)
 v - a wand of mindburst (11)
 y - a wand of polymorph (2)
 B - a wand of paralysis (2)
Scrolls
 n - 3 scrolls of blinking
 o - 6 scrolls of enchant armour
 s - a scroll of silence
 t - 2 scrolls of identify
Potions
 i - a potion of resistance
 m - a potion of cancellation
 p - 3 potions of might
 q - a potion of mutation
 x - 3 potions of haste
Miscellaneous
 w - a condenser vane


   Skills:
 + Level 20.3 Fighting
 O Level 27 Polearms
 + Level 20.4 Armour
 + Level 1.6 Dodging
 + Level 4.2 Shields
 + Level 1.3 Evocations


You had 11 spell levels left.
You didn't know any spells.
Your spell library was empty.

Dungeon Overview and Level Annotations

Branches:
Dungeon (1/1)

Altars:
Cheibriados
Dithmenos
Elyvilon
Fedhas
Gozag
Hepliaklqana
Kikubaaqudgha
Makhleb
Nemelex Xobeh
Okawaru
Qazlal
Ru
Sif Muna
Trog
Uskayaw
Vehumet
Wu Jian
Xom
Yredelemnul
Zin
The Shining One
Jiyva
Lugonu

Shops:
D =[*[(***


Innate Abilities, Weirdness & Mutations

You have a pair of horns on your head.
You reflexively headbutt those who attack you in melee.


Message History

Reach: b) +1 glaive (venom)
Press: ? - help, Dir - move target, f/p - satyr
Aim: a satyr, wielding a +3 longbow (inspiring fear, about 31% to evade your +1 glaive of venom)
You reach to attack!
You hit the satyr.
The satyr is poisoned.
The satyr is lightly wounded.
The satyr shoots an arrow.
The arrow completely misses you.
The merfolk siren is distracted by your dazzling golden aura.
You close the door, pushing everything out of the way.
You are no longer terrified.
A satyr opens the door.
The merfolk siren chants a haunting song.
You resist with almost no effort.
The satyr shoots an arrow.
The arrow hits you!
The alligator snapping turtle completely misses you.
There is an open door to the Shoals, spattered with blood here.
You hit the satyr. You headbutt the satyr.
The satyr is lightly wounded.
The snapping turtle is no longer distracted by gold.
The satyr is distracted by your dazzling golden aura.
The alligator snapping turtle bites you from afar!
You cut the satyr into ribbons!!!
The satyr looks as sick as possible!
The satyr is no longer distracted by gold.
The satyr is severely wounded.
The merfolk siren chants a haunting song.
You easily resist.
The satyr plays a frightful melody on its pipes!
The satyr radiates an aura of fear!
You are terrified of the satyr!
You attempt to attack the satyr, but flinch away in fear!
The alligator snapping turtle bites you from afar!
You slash the satyr!
The satyr looks as sick as possible!
The satyr is almost dead.
The satyr plays a lulling melody on its pipes!
You fall asleep.
The merfolk siren chants a haunting song.
You are mesmerised by the merfolk siren!
The alligator snapping turtle bites you from afar!!!!
Ouch! That really hurt!
You die...
Your body crumbles into a pile of gold.

.▓.▓'▓.▓.▓.▓.▓.▓.▓,*,*,*,*,*+*,*,
.▓.▓.▓.▓.▓.▓.▓.▓.▓,*,*,*,*,*,*,*,
.▓.▓.▓.▓.▓.▓'▓.▓.▓,*,*,*,*,*,*,*,
'▓.▓!▓.▓.▓.▓=▓.▓.▓,*,*,*,*,*,*,*+
.▓.▓.▓.▓.▓.▓=▓.▓.▓,*,*,*,*,*,*,*,
.▓.▓.▓.▓.▓.▓=▓.▓.▓,*,*,*+*,*,*,*,
.▓.▓.▓.▓[▓.▓=▓.▓.▓,*,*,*,*,*,*,*,
.▓.▓(▓.▓.▓.▓.▓.▓.▓,*,*,*,*,*,*,*,
.▓.▓!▓.▓.▓.▓)▓.▓@▓,*,*,*,*,*,*,*,
'▓.▓?▓.▓.▓.▓)▓.▓c▓,*,*,*,*,*,*,*,
_▓.▓.▓.▓.▓.▓)▓)▓t▓,*+*,*,*,*,*,*,
_▓.▓.▓.▓.▓.▓)▓.▓t▓,*,*,*,*,*,*,*,
_▓.▓.▓.▓.▓.▓)▓.▓m▓,*,*,*,*,*,*,*,
_▓.▓.▓.▓.▓.▓)▓.▓S▓,*,*,*,*,*,*,*,
_▓.▓'▓.▓.▓.▓)▓.▓m▓,*,*,*,*,*+*,*,
_▓.▓.▓.▓.▓.▓)▓.▓.▓,*,*,*,*,*,*,*,
_▓.▓.▓.▓.▓.▓[▓.▓,*,*,*,*,*,*,*,*,


You could see an alligator snapping turtle, a merfolk impaler, a satyr (scary,
extremely poisoned), a sea snake, a snapping turtle and a merfolk siren
(mesmerising).

Vanquished Creatures
  A stone giant (D)
  Nessos (D)
  2 rakshasas (D)
  2 centaur warriors (D)
  2 hydras (D)
  A deep troll earth mage (D)
  A boulder beetle (D)
  A spriggan berserker (D)
  2 orc high priests (D)
  A fire crab (D)
  A sea snake (D)
  7 deep trolls (D)
  4 lindwurms (D)
  A glowing orange brain (D)
  A deep elf pyromancer (D)
  2 ugly things (D)
  2 orc knights (D)
  An elephant (D)
  3 black mambas (D)
  3 cane toads (D)
  An unseen horror (D)
  2 komodo dragons (D)
  A tyrant leech (D)
  A queen bee (shapeshifter) (D)
  6 trolls (D)
  A snapping turtle (D)
  3 slime creatures (D)
  A vampire (D)
  A yak (D)
  A yak (shapeshifter) (D)
  An acid dragon (D)
  4 water moccasins (D)
  8 orc warriors (D)
  2 centaurs (D)
  A wolf (D)
  A phantom (D)
  2 scorpions (D)
  2 howler monkeys (D)
  A jelly (D)
  5 orc priests (D)
  4 orc wizards (D)
  4 ribbon worms (D)
  7 orcs (D)
  A kobold (D)
  A quokka (D)
  A ball python (D)
  2 bats (D)
104 creatures vanquished.

Notes
Turn   | Place    | Note
-------+----------+-------------------------------------------
     0 | D        | Heoruswealwe the Minotaur Fighter began the quest for the
                  | Orb.
     0 | D        | Reached XP level 1. HP: 19/19 MP: 0/0
     5 | D        | Reached skill level 3 in Polearms
    17 | D        | Noticed a howler monkey
    17 | D        | Noticed a phantom
    17 | D        | Noticed a scorpion
    17 | D        | Noticed a jelly
    17 | D        | Noticed a scorpion
    22 | D        | Killed a howler monkey
    23 | D        | Reached skill level 5 in Fighting
    23 | D        | Reached skill level 6 in Polearms
    23 | D        | Reached skill level 5 in Armour
    23 | D        | Reached XP level 2. HP: 25/29 MP: 1/1
    23 | D        | Reached XP level 3. HP: 31/36 MP: 2/2
    34 | D        | Killed a phantom
    35 | D        | Reached skill level 8 in Polearms
    35 | D        | Reached XP level 4. HP: 31/45 MP: 3/3
    36 | D        | Killed a scorpion
    37 | D        | Reached skill level 9 in Polearms
    37 | D        | Reached XP level 5. HP: 35/52 MP: 4/4
    41 | D        | Reached skill level 10 in Polearms
    52 | D        | Found a snail-covered altar of Cheibriados.
    52 | D        | Found a shadowy altar of Dithmenos.
    52 | D        | Found a white marble altar of Elyvilon.
    52 | D        | Found a blossoming altar of Fedhas.
    52 | D        | Found an opulent altar of Gozag.
    53 | D        | Found a hazy altar of Hepliaklqana.
    54 | D        | Found a viscous altar of Jiyva.
    55 | D        | Found an ancient bone altar of Kikubaaqudgha.
    56 | D        | Found a corrupted altar of Lugonu.
    57 | D        | Found a burning altar of Makhleb.
    58 | D        | Found a sparkling altar of Nemelex Xobeh.
    59 | D        | Found an iron altar of Okawaru.
    60 | D        | Became a worshipper of Gozag Ym Sagoz the Greedy
    61 | D        | Found a stormy altar of Qazlal.
    62 | D        | Found a sacrificial altar of Ru.
    63 | D        | Found a shimmering blue altar of Sif Muna.
    64 | D        | Found a bloodstained altar of Trog.
    65 | D        | Found a hide-covered altar of Uskayaw.
    66 | D        | Found a radiant altar of Vehumet.
    67 | D        | Found an ornate altar of the Wu Jian Council.
    68 | D        | Found a shimmering altar of Xom.
    69 | D        | Found a basalt altar of Yredelemnul.
    70 | D        | Found a glowing silver altar of Zin.
    71 | D        | Found a glowing golden altar of the Shining One.
   133 | D        | Noticed an orc warrior
   133 | D        | Noticed a centaur
   133 | D        | Noticed an acid dragon
   133 | D        | Noticed a centaur
   135 | D        | Reached skill level 11 in Polearms
   135 | D        | Reached XP level 6. HP: 62/62 MP: 5/5
   144 | D        | Killed an orc warrior
   147 | D        | Reached skill level 12 in Polearms
   157 | D        | Killed an acid dragon
   158 | D        | Reached skill level 10 in Fighting
   158 | D        | Reached skill level 13 in Polearms
   158 | D        | Reached skill level 10 in Armour
   158 | D        | Reached XP level 7. HP: 44/72 MP: 6/6
   245 | D        | Noticed a centaur warrior
   245 | D        | Noticed a slime creature
   245 | D        | Noticed a vampire
   245 | D        | Noticed an eight-headed hydra
   245 | D        | Noticed a black mamba
   251 | D        | Killed a centaur warrior
   252 | D        | Reached skill level 15 in Polearms
   252 | D        | Reached XP level 8. HP: 39/82 MP: 7/7
   256 | D        | a black mamba changed into a golden eye
   262 | D        | Killed an unseen horror
   263 | D        | Reached skill level 16 in Polearms
   266 | D        | Killed a slime creature
   273 | D        | Killed a ten-headed hydra
   274 | D        | Reached skill level 17 in Polearms
   274 | D        | Reached XP level 9. HP: 51/93 MP: 8/8
   278 | D        | a tengu changed into a black mamba
   278 | D        | Noticed a black mamba (shapeshifter)
   279 | D        | a black mamba changed into a shapeshifter
   281 | D        | a shapeshifter changed into a queen bee
   281 | D        | Noticed a queen bee (shapeshifter)
   284 | D        | Killed a queen bee
   285 | D        | Reached skill level 18 in Polearms
   551 | D        | Noticed a cane toad
   551 | D        | Noticed a black mamba
   551 | D        | Noticed a komodo dragon
   551 | D        | Noticed a black mamba
   555 | D        | Noticed an elephant
   560 | D        | Noticed a fire crab
   566 | D        | Killed a cane toad
   575 | D        | Killed a black mamba
   578 | D        | Killed a komodo dragon
   579 | D        | Reached skill level 19 in Polearms
   585 | D        | Killed an elephant
   586 | D        | Reached XP level 10. HP: 57/104 MP: 9/9
   588 | D        | Killed a black mamba
   592 | D        | Killed a fire crab
   593 | D        | Reached skill level 15 in Fighting
   593 | D        | Reached skill level 20 in Polearms
   593 | D        | Reached skill level 15 in Armour
   780 | D        | Noticed a five-headed hydra
   780 | D        | Noticed a lindwurm
   780 | D        | Noticed a black mamba
   784 | D        | Killed a six-headed hydra
   785 | D        | Noticed a cane toad
   787 | D        | Noticed a cane toad
   788 | D        | Killed a lindwurm
   789 | D        | Reached skill level 21 in Polearms
   789 | D        | Killed a black mamba
   799 | D        | Killed a cane toad
   800 | D        | Killed a cane toad
   819 | D        | Noticed a lindwurm
   831 | D        | Killed a lindwurm
   832 | D        | Reached skill level 22 in Polearms
   832 | D        | Reached XP level 11. HP: 107/115 MP: 10/10
   839 | D        | Noticed a lindwurm
   840 | D        | Noticed a lindwurm
   844 | D        | Killed a lindwurm
   850 | D        | Killed a lindwurm
  1289 | D        | Noticed an orc high priest
  1312 | D        | Killed an orc high priest
  1315 | D        | Noticed an orc high priest
  1321 | D        | Noticed an orc knight
  1325 | D        | Reached skill level 23 in Polearms
  1338 | D        | HP: 2/117 [chaos spawn[an orc high priest] (12)]
  1342 | D        | Killed an orc high priest
  1673 | D        | Killed an orc knight
  1910 | D        | Found Opurungash's Jewellery Emporium.
  1910 | D        | Noticed a deep troll
  1910 | D        | Noticed a deep troll
  1910 | D        | Noticed a deep troll
  1918 | D        | Killed a deep troll
  1923 | D        | Killed a deep troll
  1924 | D        | Reached skill level 24 in Polearms
  1931 | D        | Killed a deep troll
  1942 | D        | Noticed a deep troll
  1951 | D        | Killed a deep troll
  1972 | D        | Noticed a deep troll
  1982 | D        | Killed a deep troll
  2082 | D        | Found Wofadd's Distillery.
  2086 | D        | Found Botec's Antique Armour Emporium.
  2090 | D        | Found Zobuisucw's Assorted Antiques.
  2092 | D        | Noticed a deep troll
  2093 | D        | Noticed a deep troll
  2109 | D        | Killed a deep troll
  2113 | D        | Killed a deep troll
  2114 | D        | Reached XP level 12. HP: 97/128 MP: 11/11
  2116 | D        | Reached skill level 25 in Polearms
  2291 | D        | Bought 2 potions of might for 96 gold pieces
  2291 | D        | Bought a potion of curing for 36 gold pieces
  2291 | D        | Bought a potion of cancellation for 96 gold pieces
  2291 | D        | Bought a potion of lignification for 36 gold pieces
  2291 | D        | Bought a potion of curing for 36 gold pieces
  2291 | D        | Bought a potion of curing for 36 gold pieces
  2291 | D        | Bought a potion of degeneration for 12 gold pieces
  2291 | D        | Bought a potion of heal wounds for 60 gold pieces
  2313 | D        | Bought a scroll labelled YTO GAARGHUMAMOEM for 24 gold
                  | pieces
  2313 | D        | Bought a large ivory ring for 120 gold pieces
  2313 | D        | Bought a scroll labelled POYGHO MORUNED for 24 gold pieces
  2313 | D        | Bought a potion of curing for 72 gold pieces
  2313 | D        | Bought a scroll of blinking for 180 gold pieces
  2336 | D        | Bought the +3 salamander hide armour {Flames, rFlCloud rF++
                  | rC--} for 586 gold pieces
  2336 | D        | Found the +3 salamander hide armour {Flames, rFlCloud rF++
                  | rC--}
  2339 | D        | Bought a slimy trident for 229 gold pieces
  2339 | D        | Identified the +1 trident "Widowermaker" {flame, Dex+3}
                  | (You bought it in a shop in the Dungeon)
  2344 | D        | Bought a potion of might for 128 gold pieces
  2344 | D        | Bought a heavily runed bronze ring for 160 gold pieces
  2344 | D        | Identified the ring "Vyuvar" {rElec EV+5 Dex+3 Stlth+} (You
                  | bought it in a shop in the Dungeon)
  2344 | D        | Bought a scroll of enchant armour for 240 gold pieces
  2344 | D        | Bought a condenser vane for 1280 gold pieces
  2344 | D        | Bought a potion of haste for 320 gold pieces
  2347 | D        | Bought a long lead wand for 136 gold pieces
  2347 | D        | Bought a scroll labelled KAYNOF BAP YSIVEV for 34 gold
                  | pieces
  2347 | D        | Bought a runed cloak for 255 gold pieces
  2347 | D        | Bought a scroll labelled ZITIDA NYUXTEU for 34 gold pieces
  2500 | D        | Found the +1 cloak of Starlight {*Dazzle EV+4 Stlth--}
  3491 | D        | Noticed a boulder beetle
  3491 | D        | Noticed a centaur warrior
  3517 | D        | Killed a boulder beetle
  3518 | D        | Killed a centaur warrior
  3523 | D        | Noticed a deep troll earth mage
  3528 | D        | Noticed a rakshasa
  3541 | D        | Killed a deep troll earth mage
  3542 | D        | Reached skill level 26 in Polearms
  3555 | D        | Killed a rakshasa
  3804 | D        | Noticed a rakshasa
  3805 | D        | Noticed a stone giant
  3835 | D        | Killed a stone giant
  3872 | D        | Killed a rakshasa
  4116 | D        | Bought a scroll of identify for 66 gold pieces
  4116 | D        | Bought a pair of embroidered gloves for 247 gold pieces
  4116 | D        | Bought a lead wand for 132 gold pieces
  4116 | D        | Bought a runed glaive for 313 gold pieces
  4116 | D        | Bought a scroll of identify for 66 gold pieces
  4116 | D        | Bought a tapered lead wand for 132 gold pieces
  4186 | D        | Noticed Nessos
  4210 | D        | Killed Nessos
  4211 | D        | Reached skill level 27 in Polearms
  4489 | D        | Noticed a satyr
  4489 | D        | Noticed an alligator snapping turtle
  4493 | D        | Reached skill level 1 in Dodging
  4493 | D        | Reached skill level 1 in Evocations
  4493 | D        | Noticed a merfolk impaler
  4507 | D        | Annihilated by an alligator snapping turtle

Illustrated notes

Levels and vault maps discovered:
D:        linesprint [early_d, line_temple, items_1, d_10, items_2, lair_1,
          lair_end, items_3, orc_1, orc_end, items_4, d_15, swamp_1, shoals_1,
          snake_1, spider_1, d_20, vaults_1, items_5, swamp_end, shoals_end,
          snake_end, spider_end, vaults_end, d_27, items_6, zot_1, zot_end,
          crypt_end, forest_end, elf_end, slime_end, tomb_end, abyss_end,
          pan_hell_end]

Skill      XL: |  1  2  3  4  5  6  7  8  9 10 11 12 |
---------------+-------------------------------------+-----
Polearms       | 6 8 9 11 13 15 17 19 22 24 27 | 27.0
Fighting       | 5 6 7 8 10 11 13 14 16 18 20 | 20.3
Armour         | 5 6 7 8 10 11 13 14 16 18 20 | 20.4
Dodging        | 1 |  1.6
Shields        | 4 |  4.2
Evocations     | 1 |  1.3

Action                     |  1- 3 |  4- 6 |  7- 9 | 10-12 || total
---------------------------+-------+-------+-------+-------++-------
  Melee: Trident           |    24 |    11 |       |       ||    35
         Headbutt          |     1 |     4 |     7 |    53 ||    65
         Halberd           |       |    17 |    52 |   275 ||   344
         Glaive            |       |       |       |    17 ||    17
 Invoke: Call Merchant     |       |       |       |     5 ||     5
    Use: Potion            |       |     2 |    10 |    10 ||    22
         Scroll            |       |       |       |     6 ||     6
   Stab: Distracted        |       |       |     1 |     2 ||     3
         Invisible         |       |       |       |     3 ||     3
 Armour: Scale mail        |    12 |    22 |       |       ||    34
         Plate armour      |       |       |    58 |   232 ||   290
  Dodge: Dodged            |     9 |    11 |    11 |    81 ||   112
  Block: Buckler           |     6 |     1 |       |       ||     7
